 Dungeon Crawl Stone Soup version 0.30.1-11-g7821555f0a (webtiles) character file.

Game seed: 8960658280483938175

141733 GaersdiConyofus the Executioner (level 16, -3/139 (161) HPs)
             Began as a Minotaur Fighter on Dec 5, 2023.
             Was the Champion of Trog.
             Slain by a deep elf blademaster
             ... wielding a +0 rapier
              (7 damage)
             ... on level 2 of the Elven Halls on Dec 14, 2023.
             The game lasted 02:39:25 (32992 turns).

GaersdiConyofus the Executioner (Minotaur Fighter) Turns: 32992, Time: 02:39:27

HP:   -3/139 (161)  AC: 32    Str: 28    XL:     16   Next: 78%
MP:   24/24         EV: 15    Int:  2    God:    Trog [******]
Gold: 585           SH:  5    Dex: 13    Spells: 15/15 levels left

rFire   + + +        a - +4 broad axe (flame)
rCold   + . .        N - orb {*Rage}
rNeg    . . .        S - +4 plate armour {rC+}
rPois   +            (helmet restricted)
rElec   .            G - +1 cloak of Starlight {*Dazzle EV+4 Stlth--}
rCorr   +            y - +1 pair of gloves {hurl}
SInv    +            b - +2 pair of boots
Will    +....        q - amulet of reflection Stlth
                     o - ring "Cuyll" {rPois MP+9 Str+4}
HPRegen 0.43/turn    O - ring "Wynlupn Umis" {rF+++ rCorr Str-2 Int-3 SInv}
MPRegen 0.19/turn

%: random rage (20%), reflection
@: on berserk cooldown, slowed, heavily drained, very slow
A: horns 2, retaliatory headbutt
a: Renounce Religion, Berserk, Trog's Hand, Brothers in Arms


You were on level 2 of the Elven Halls.
You worshipped Trog.
Trog was exalted by your worship.
You visited 4 branches of the dungeon, and saw 24 of its levels.

You collected 2559 gold pieces.
You spent 1974 gold pieces at shops.

Inventory:

Hand Weapons
 a - a +4 broad axe of flaming (weapon)
 g - the +2 demon blade "Nuxosam" {flame, rF+ SInv}
   (Trog gifted it to you on level 1 of the Lair of Beasts)

   rF:        It protects you from fire.
   SInv:      It lets you see invisible.
 j - a +1 heavy morningstar
 v - a +1 dire flail of protection
 D - the +3 quarterstaff "Arcanum" {flame, Fragile Str+3}
   (You found it on level 3 of the Lair of Beasts)

   Str:       It affects your strength (+3).
   Fragile:   It will be destroyed if unequipped.
 H - a +7 glaive
 W - the +0 mace "Soeg" {spect, Int+4}
   (You bought it in a shop on level 2 of the Orcish Mines)

   Int:       It affects your intelligence (+4).
Missiles
 h - 2 curare-tipped darts
 m - 42 poisoned darts (quivered)
 U - 3 boomerangs of dispersal
Armour
 b - a +2 pair of boots (worn)
 y - a +1 pair of gloves of hurling (worn)
 A - a scarf of resistance
 G - the +1 cloak of Starlight (worn) {*Dazzle EV+4 Stlth--}
   (You bought it in a shop on level 8 of the Dungeon)

   *Dazzle:   It may blind those who miss an attack against the wearer in melee
   combat.
   EV:        It affects your evasion (+4).
   Stlth:     It makes you much less stealthy.
 M - the +3 leather armour of the Spider Nest {rElec rN+ Int-5}
   (You found it on level 4 of the Lair of Beasts)

   Int:       It affects your intelligence (-5).
   rElec:     It insulates you from electricity.
   rN:        It protects you from negative energy.
 N - an orb of wrath (worn)
 S - a +4 plate armour of cold resistance (worn)
Jewellery
 c - an amulet of guardian spirit
 o - the ring "Cuyll" (left hand) {rPois MP+9 Str+4}
   (You acquired it on level 3 of the Dungeon)

   [ring of magical power]

   Str:       It affects your strength (+4).
   rPois:     It protects you from poison.
   MP:        It affects your magic capacity (+9).
 p - an amulet of the acrobat
 q - an amulet of reflection (around neck)
 r - a ring of resist corrosion
 t - a +6 ring of intelligence
 I - a ring of see invisible
 J - a ring of poison resistance
 O - the ring "Wynlupn Umis" (right hand) {rF+++ rCorr Str-2 Int-3 SInv}
   (You found it on level 5 of the Lair of Beasts)

   [ring of resist corrosion]

   Str:       It affects your strength (-2).
   Int:       It affects your intelligence (-3).
   rF:        It renders you almost immune to fire.
   SInv:      It lets you see invisible.
   rCorr:     It protects you from acid and corrosion.
 P - a ring of positive energy
 T - a +4 ring of protection
 X - a ring of fire
 Z - a ring of flight
Wands
 s - a wand of mindburst (17)
 u - a wand of roots (18)
 F - a wand of charming (13)
 R - a wand of flame (29)
 V - a wand of polymorph (7)
Scrolls
 k - 3 scrolls of poison
 w - 5 scrolls of immolation
 x - 10 scrolls of identify
 B - 2 scrolls of teleportation
 C - a scroll of fear
 E - a scroll of magic mapping
 K - 4 scrolls of silence
 Q - 4 scrolls of fog
Potions
 d - 5 potions of might
 e - 5 potions of haste
 f - 4 potions of lignification
 i - a potion of mutation
 l - 2 potions of cancellation
 n - 3 potions of invisibility
 z - 4 potions of flight
 L - a potion of resistance
 Y - a potion of attraction


   Skills:
 + Level 19.4 Fighting
 + Level 6.6 Long Blades
 + Level 21.1 Axes
 + Level 0.3 Throwing
 + Level 19.0 Armour
 + Level 6.5 Dodging
 + Level 4.4 Stealth
 + Level 7.3 Shields
 + Level 1.2 Evocations


You had 15 spell levels left.
You didn't know any spells.
Your spell library contained the following spells:

 Spells                   Type           Power      Damage    Failure   Level
 Sandblast                Erth           0%         2d4       97%         1
 Shock                    Conj/Air       0%         1d3       97%         1
 Ensorcelled Hibernation  Hex/Ice        0%         N/A       99%         2
 Lesser Beckoning         Tloc           0%         N/A       99%         2
 Passwall                 Tmut/Erth      0%         N/A       99%         2
 Scorch                   Fire           0%         2d5       99%         2
 Frozen Ramparts          Ice            0%         1d1       100%        3
 Gell's Gravitas          Tloc           0%         N/A       100%        3
 Stone Arrow              Conj/Erth      0%         3d7       100%        3
 Swiftness                Air            0%         N/A       100%        3
 Teleport Other           Tloc           0%         N/A       100%        3
 Volatile Blastmotes      Fire/Tloc      0%         2d10      100%        3
 Animate Armour           Summ/Erth      0%         N/A       100%        4
 Ice Form                 Ice/Tmut       0%         N/A       100%        4
 Leda's Liquefaction      Hex/Erth       0%         N/A       100%        4
 Petrify                  Tmut/Erth      0%         N/A       100%        4
 Summon Ice Beast         Ice/Summ       0%         N/A       100%        4
 Blade Hands              Tmut           0%         N/A       100%        5
 Fireball                 Conj/Fire      0%         3d3       100%        5
 Freezing Cloud           Conj/Ice/Air   0%         6-21      100%        5
 Iskenderun's Battlesphe  Conj           0%         2d6       100%        5
 Lee's Rapid Deconstruct  Erth           0%         3d4*      100%        5
 Metabolic Englaciation   Hex/Ice        0%         N/A       100%        5
 Silence                  Hex/Air        0%         N/A       100%        5
 Summon Forest            Summ/Tloc      0%         N/A       100%        5
 Summon Mana Viper        Hex/Summ       0%         N/A       100%        5
 Iron Shot                Conj/Erth      0%         9d1       100%        6
 Statue Form              Tmut/Erth      0%         N/A       100%        6
 Monstrous Menagerie      Summ           0%         N/A       100%        7
 Spellforged Servitor     Conj/Summ      0%         N/A       100%        7


Dungeon Overview and Level Annotations

Branches:
Dungeon (15/15) Temple (0/1) D:4 Lair (5/5) D:11 Swamp (0/4) Lair:2 Spider (0/4) Lair:3 Slime (0/5) Lair:5 Orc (2/2) D:10 Elf (2/3) Orc:2 Vaults (0/5) D:12 D:13 Depths (0/4) D:15

Altars:
Ashenzari
Cheibriados
Fedhas
Gozag
Hepliaklqana
Makhleb
Nemelex Xobeh
Okawaru
Qazlal
Ru
Sif Muna
Trog
Uskayaw
Vehumet
Yredelemnul
The Shining One

Shops:
D:2 [   D:6 [   D:8 [   Orc:2 ([*:

Annotations:
Lair:4 2 transporters, exclusions: ice statue and oklob plant, Iscariot's ghost, journeyman MiFi
Elf:1 1 runed translucent door, kalagan's ghost, journeyman DECj


Innate Abilities, Weirdness & Mutations

You have a pair of horns on your head.
You reflexively headbutt those who attack you in melee.


Message History

The deep elf pyromancer mumbles some strange words.
The deep elf pyromancer blinks!
The deep elf blademaster hits you with a +0 rapier!
* * * LOW HITPOINT WARNING * * *
The deep elf blademaster completely misses you.
The deep elf pyromancer is engulfed in poison gas.
The deep elf pyromancer is poisoned.
The deep elf blademaster hits you with a +0 rapier!
* * * LOW HITPOINT WARNING * * *
The deep elf blademaster hits you but does no damage.
The deep elf blademaster attacks as you move away!
The deep elf blademaster hits you with a +0 rapier!
* * * LOW HITPOINT WARNING * * *
The deep elf blademaster hits you but does no damage.
The deep elf pyromancer looks even sicker.
The deep elf pyromancer casts a spell at you.
The bolt of fire misses you.
The deep elf blademaster closely misses you.
The deep elf blademaster's sight is seared by the starlight!
The deep elf blademaster hits you with a +0 rapier.
* * * LOW HITPOINT WARNING * * *
The deep elf pyromancer is engulfed in poison gas.
The deep elf pyromancer looks even sicker.
The deep elf blademaster is engulfed in poison gas.
The deep elf blademaster is poisoned.
The deep elf pyromancer is engulfed in poison gas.
The deep elf pyromancer looks as sick as possible!
The deep elf blademaster is engulfed in poison gas.
The deep elf blademaster looks even sicker.
The deep elf blademaster is engulfed in poison gas.
The deep elf blademaster looks even sicker.
The deep elf pyromancer is engulfed in poison gas.
The deep elf pyromancer looks as sick as possible!
You block the +1 dire flail of draining's attack.
The deep elf blademaster is engulfed in poison gas.
The deep elf blademaster looks as sick as possible!
The deep elf blademaster misses you. You furiously retaliate!
You headbutt the deep elf blademaster.
The deep elf blademaster hits you with a +0 rapier!
You die...

..§#e§§§§☼§§#§....#....##.
..#☼☼§§§§§§§§#§..#.e...##.
#§§§§§§§§§§§§# #..(...)'.
#§§§§§☼§§§§§§# #..(...)'.
##§§§§☼.§§§☼§§###..(....'.
..#§§§☼.§§§§§#...#.....##.
...#§§§§§§§☼#.....#....##.
....#§e☼☼e(#(......#...##.
..§§§#§§§@#§§.......#e.##.
..§§§§#§☼#§.§§☼......#.##.
...§§§§##.§§.§§.......####
..§.§.§ #..☼§.§.. ..§§.§#
.#.§§§... ....#. ..#......
..# ...#..... # .....#....
## #.


You could see a deep elf blademaster (blind, extremely poisoned), a deep elf
pyromancer (extremely poisoned) and 2 dancing weapons.

Vanquished Creatures
  Frances (D:14)
  A deep elf sorcerer (Elf:1)
  A deep elf elementalist (Elf:2)
  A caustic shrike zombie (D:15)
  2 orc warlords
  A juggernaut skeleton (D:15)
  Nessos (Lair:5)
  Snorg (Orc:1)
  A rakshasa (D:15)
  A spriggan zombie (D:15)
  A salamander tyrant (Elf:2)
  2 ogre magi
  9 hydras
  A catoblepas (Lair:5)
  4 centaur warriors (D:13)
  7 boulder beetles
  10 two-headed ogres
  Erica (Orc:1)
  19 death yaks
  8 dancing weapons
  A deep troll shaman (Lair:5)
  A death knight (D:13)
  4 orc high priests
  3 deep elf knights
  2 skeletal warriors
  3 skysharks
  A swamp dragon (Lair:4)
  A flayed ghost (D:14)
  2 obsidian statues (Elf:1)
  A necromancer (D:15)
  2 lindwurms
  18 deep elf zephyrmancers
  Pikel (D:4)
  A deep elf archer (Elf:2)
  5 cyclopes
  2 phantasmal warriors (D:13)
  21 deep elf pyromancers
  6 manticores
  7 orc sorcerers
  14 ugly things
  11 orc knights
  20 elephants
  A stone giant skeleton (D:15)
  Maurice (D:8)
  6 black mambas
  5 slime creatures
  3 gargoyles
  12 cane toads
  A torpor snail (Lair:5)
  Maggie (D:8)
  An efreet (D:14)
  An unseen horror (D:11)
  10 komodo dragons
  7 rime drakes
  A yaktaur (D:15)
  6 trolls
  2 polar bears
  2 hornets
  Prince Ribbit (D:9)
  A raiju (shapeshifter) (D:13)
  12 blink frogs
  3 dream sheep (Lair:5)
  An air elemental (Elf:2)
  2 water elementals
  3 shadows
  4 wraiths
  32 yaks
  A vampire (D:13)
  5 basilisks
  A fire elemental (Elf:2)
  4 wyverns
  16 humans
  3 steam dragons (D:8)
  11 vampire mosquitoes
  8 wargs
  A redback (Lair:3)
  Edmund (D:5)
  15 water moccasins
  2 acid dragons
  2 hornet zombies (D:6)
  An ice beast (D:6)
  A swamp drake (Lair:4)
  31 orc warriors
  2 black bears
  A tengu (shapeshifter) (D:12)
  13 ogres
  13 wolves
  10 centaurs
  2 lemures (D:4)
  2 phantoms (D:6)
  2 kobold brigands
  13 bullfrogs
  3 earth elementals
  A scorpion (D:5)
  A water moccasin zombie (D:6)
  A wyvern skeleton (D:6)
  A water moccasin skeleton (D:6)
  14 killer bees
  A howler monkey (D:7)
  4 bullfrog zombies (D:6)
  3 jellies
  A hound (D:7)
  15 orc priests
  A sleepcap (D:8)
  A gnoll bouda (D:8)
  Crazy Yiuf (D:7)
  17 orc wizards
  3 iguanas
  A killer bee zombie (D:6)
  3 gnolls (D:8)
  10 adders
  A white imp (D:3)
  3 worms
  3 dart slugs
  64 orcs
  4 ball pythons (D:1)
  7 endoplasms
  3 giant cockroaches (D:1)
  6 goblins
  5 hobgoblins
  10 jackals
  2 quokkas
  4 bats
  2 frilled lizards
  9 kobolds
  5 rats
690 creatures vanquished.

Vanquished Creatures (collateral kills)
  A two-headed ogre (D:15)
1 creature vanquished.

Vanquished Creatures (others)
  A death yak (Lair:5)
  A deep elf pyromancer (Elf:1)
  An orc wizard (D:3)
  A gnoll (D:8)
  A kobold (D:8)
5 creatures vanquished.

Grand Total: 696 creatures vanquished

Notes
Turn   | Place    | Note
-------+----------+-------------------------------------------
     0 | D:1      | GaersdiConyofus the Minotaur Fighter began the quest for
                  | the Orb.
     0 | D:1      | Reached XP level 1. HP: 19/19 MP: 0/0
   225 | D:1      | Reached XP level 2. HP: 27/27 MP: 1/1
   654 | D:1      | Reached XP level 3. HP: 32/33 MP: 2/2
  1073 | D:2      | Reached skill level 3 in Axes
  1283 | D:2      | Found Adaexu Lehi's Antique Armour Shop.
  1843 | D:3      | Reached XP level 4. HP: 40/40 MP: 3/3
  1930 | D:3      | Identified a scroll of acquirement
  1930 | D:3      | Acquired the ring "Cuyll" {rPois MP+9 Str+4}
  2071 | D:3      | Found a sparkling altar of Nemelex Xobeh.
  2095 | D:3      | Reached skill level 1 in Dodging
  2098 | D:3      | Reached skill level 4 in Axes
  2115 | D:3      | Identified the +1 leather armour of Fortitude {Str+3 SInv}
  2124 | D:3      | Reached XP level 5. HP: 42/47 MP: 4/4
  2368 | D:4      | Found a bloodstained altar of Trog.
  2415 | D:4      | Became a worshipper of Trog the Wrathful
  2463 | D:4      | Found a broken altar of Ashenzari.
  2554 | D:4      | Found a faded altar of an unknown god.
  2554 | D:4      | Found an iron altar of Okawaru.
  2562 | D:4      | Found a faded altar of an unknown god.
  2564 | D:4      | Found a hide-covered altar of Uskayaw.
  2564 | D:4      | Noticed a black bear
  2566 | D:4      | Found a glowing golden altar of the Shining One.
  2570 | D:4      | Killed a black bear
  2571 | D:4      | Reached skill level 5 in Armour
  2698 | D:4      | Found a snail-covered altar of Cheibriados.
  2761 | D:4      | Reached XP level 6. HP: 55/55 MP: 5/5
  2784 | D:4      | Reached skill level 5 in Axes
  2843 | D:4      | Found an opulent altar of Gozag.
  2857 | D:4      | Reached skill level 5 in Fighting
  2941 | D:4      | Found a staircase to the Ecumenical Temple.
  3018 | D:5      | Entered Level 5 of the Dungeon
  3315 | D:5      | Noticed Pikel
  3370 | D:4      | Killed Pikel
  3371 | D:4      | Reached skill level 7 in Axes
  3371 | D:4      | Reached skill level 5 in Shields
  3371 | D:4      | Reached XP level 7. HP: 40/62 MP: 6/6
  3617 | D:5      | Reached XP level 8. HP: 70/70 MP: 7/7
  3826 | D:5      | Noticed Edmund
  3834 | D:5      | Killed Edmund
  3834 | D:5      | Reached * piety under Trog
  4089 | D:5      | Reached skill level 8 in Axes
  4590 | D:6      | Reached skill level 9 in Axes
  4809 | D:6      | Reached XP level 9. HP: 71/78 MP: 8/8
  4839 | D:6      | Found Geywny's Antique Armour Shoppe.
  4847 | D:6      | Bought a pair of embroidered gloves for 247 gold pieces
  5033 | D:6      | Found a basalt altar of Yredelemnul.
  5126 | D:6      | Reached skill level 10 in Axes
  5402 | D:6      | Found a sacrificial altar of Ru.
  5597 | D:7      | Found a radiant altar of Vehumet.
  5611 | D:7      | Found a burning altar of Makhleb.
  5706 | D:7      | Found a shimmering blue altar of Sif Muna.
  5785 | D:7      | Reached ** piety under Trog
  5843 | D:7      | Found a runed translucent door.
  5844 | D:7      | Noticed Crazy Yiuf
  5850 | D:7      | Killed Crazy Yiuf
  5902 | D:7      | Reached skill level 11 in Axes
  6038 | D:7      | Found a blossoming altar of Fedhas.
  6040 | D:7      | Found a stormy altar of Qazlal.
  6295 | D:8      | Noticed Maurice
  6316 | D:8      | Killed Maurice
  6317 | D:8      | Reached skill level 1 in Stealth
  6568 | D:8      | Reached XP level 10. HP: 72/90 MP: 9/9
  6719 | D:8      | Noticed Maggie
  6733 | D:8      | Killed Maggie
  6819 | D:8      | Found Goseurph's Armour Emporium.
  6826 | D:8      | Bought an orb of wrath for 182 gold pieces
  6857 | D:8      | Reached skill level 12 in Axes
  6903 | D:8      | Reached *** piety under Trog
  7607 | D:9      | Noticed a six-headed hydra
  7613 | D:9      | Killed a ten-headed hydra
  8019 | D:9      | Noticed Prince Ribbit
  8023 | D:9      | Killed Prince Ribbit
  8295 | D:9      | Found a hazy altar of Hepliaklqana.
  8321 | D:10     | Entered Level 10 of the Dungeon
  8332 | D:10     | Found a staircase to the Orcish Mines.
  8342 | D:10     | Reached skill level 13 in Axes
  8396 | D:10     | Reached **** piety under Trog
  8966 | D:11     | Noticed a boulder beetle
  8980 | D:11     | Killed a boulder beetle
  9151 | D:11     | Reached skill level 10 in Fighting
  9151 | D:11     | Reached XP level 11. HP: 99/99 MP: 10/10
  9223 | D:11     | Reached skill level 10 in Armour
  9475 | D:11     | Reached skill level 5 in Dodging
  9563 | D:11     | Found a staircase to the Lair.
  9579 | D:11     | Noticed a green ugly thing
  9588 | D:11     | Killed a green ugly thing
  9589 | D:11     | Reached skill level 14 in Axes
  9600 | D:11     | Noticed a two-headed ogre
  9605 | D:11     | Killed a two-headed ogre
  9892 | D:11     | Noticed a boulder beetle
  9911 | D:11     | Killed a boulder beetle
  9919 | D:11     | Noticed a two-headed ogre
  9927 | D:11     | Killed a two-headed ogre
 10124 | D:11     | Noticed a two-headed ogre
 10130 | D:11     | Killed a two-headed ogre
 10218 | D:11     | Noticed an ogre mage
 10224 | D:11     | Killed an ogre mage
 10225 | D:11     | Reached skill level 15 in Axes
 10274 | D:12     | Noticed a deep elf pyromancer
 10276 | D:12     | Noticed a boulder beetle
 10279 | D:12     | Killed a deep elf pyromancer
 10287 | D:12     | Killed a boulder beetle
 10298 | D:12     | Reached XP level 12. HP: 65/111 MP: 11/11
 10667 | D:12     | Found a gate leading to a gauntlet.
 11096 | D:12     | Noticed a two-headed ogre
 11102 | D:12     | Killed a two-headed ogre
 11632 | D:13     | Noticed a two-headed ogre
 11632 | D:13     | Noticed a centaur warrior
 11632 | D:13     | Found a gate to the Vaults.
 11735 | D:12     | Reached skill level 16 in Axes
 11795 | D:12     | Killed a two-headed ogre
 11899 | D:12     | Reached ***** piety under Trog
 11922 | D:13     | Killed a centaur warrior
 12178 | D:13     | Noticed a centaur warrior
 12190 | D:13     | Killed a centaur warrior
 12340 | D:13     | You fall into a shaft and drop 2 floors!
 12340 | D:15     | Entered Level 15 of the Dungeon
 12432 | D:13     | Noticed a death knight
 12436 | D:13     | Noticed a centaur warrior
 12438 | D:13     | Killed a centaur warrior
 13105 | D:13     | Reached XP level 13. HP: 122/122 MP: 12/12
 13604 | D:13     | Received a gift from Trog
 13863 | D:14     | Reached skill level 17 in Axes
 14053 | D:14     | Noticed Frances
 14062 | D:14     | Killed Frances
 14604 | D:15     | Found a staircase to the Depths.
 15916 | D:15     | Reached skill level 15 in Armour
 16579 | D:15     | Reached skill level 18 in Axes
 16810 | D:15     | Reached skill level 15 in Fighting
 16829 | D:15     | Reached XP level 14. HP: 109/135 MP: 13/13
 17253 | D:15     | Paralysed by something for 2 turns
 17918 | Lair:1   | Entered Level 1 of the Lair of Beasts
 18313 | Lair:1   | Reached skill level 1 in Evocations
 18316 | Lair:1   | Identified the +2 demon blade "Nuxosam" {flame, rF+ SInv}
                  | (Trog gifted it to you on level 1 of the Lair of Beasts)
 18316 | Lair:1   | Received a gift from Trog
 18736 | Lair:1   | Reached skill level 1 in Long Blades
 20417 | Lair:2   | Found a staircase to the Swamp.
 20513 | Lair:3   | Identified the +3 quarterstaff "Arcanum" {flame, Fragile
                  | Str+3}
 20552 | Lair:3   | Found a hole to the Spider Nest.
 20945 | Lair:3   | Reached skill level 5 in Long Blades
 21498 | Lair:4   | Noticed Iscariot's ghost (journeyman MiFi)
 21499 | Lair:4   | Identified the +3 leather armour of the Spider Nest {rElec
                  | rN+ Int-5}
 21503 | Lair:4   | Found a transporter.
 22177 | Lair:4   | Found a transporter.
 22226 | Lair:4   | Reached XP level 15. HP: 145/145 MP: 14/14
 22357 | Lair:4   | Reached skill level 19 in Axes
 22828 | Lair:5   | Entered Level 5 of the Lair of Beasts
 22834 | Lair:5   | Received a gift from Trog
 23105 | Lair:5   | Found a staircase to the Slime Pits.
 23255 | Lair:5   | Identified the ring "Wynlupn Umis" {rF+++ rCorr Str-2 Int-3
                  | SInv}
 23398 | Lair:5   | Noticed Nessos
 23412 | Lair:5   | Killed Nessos
 23729 | Lair:5   | Received a gift from Trog
 23859 | Lair:5   | Reached skill level 20 in Axes
 25247 | D:8      | Bought a +3 plate armour of cold resistance for 630 gold
                  | pieces
 25247 | D:8      | Bought the +1 cloak of Starlight {*Dazzle EV+4 Stlth--} for
                  | 427 gold pieces
 25247 | D:8      | Found the +1 cloak of Starlight {*Dazzle EV+4 Stlth--}
 25377 | Orc:1    | Entered Level 1 of the Orcish Mines
 25598 | Orc:2    | Entered Level 2 of the Orcish Mines
 25713 | Orc:2    | Found Elaek's Book Shoppe.
 25714 | Orc:2    | Paralysed by an orc sorcerer for 5 turns
 25798 | Orc:2    | Found a staircase to the Elven Halls.
 25825 | Orc:2    | Found Cetul's Antique Armour Shop.
 25891 | Orc:2    | Bought a pair of runed gloves for 240 gold pieces
 25924 | Orc:2    | Found Mierruhi's Antique Weapon Emporium.
 25955 | Orc:2    | Paralysed by an orc sorcerer for 3 turns
 25965 | Orc:1    | Noticed Erica
 25966 | Orc:1    | Noticed Snorg
 26388 | Orc:2    | Found Wosua's General Store.
 26403 | Orc:2    | Paralysed by an orc sorcerer for 2 turns
 26410 | Orc:2    | Reached XP level 16. HP: 125/157 MP: 15/15
 26491 | Orc:2    | Bought a scroll of fear for 64 gold pieces
 26527 | Orc:2    | Bought a dazzling mace for 184 gold pieces
 26527 | Orc:2    | Identified the +0 mace "Soeg" {spect, Int+4} (You bought it
                  | in a shop on level 2 of the Orcish Mines)
 26794 | Orc:1    | Killed Snorg
 26800 | Orc:1    | Killed Erica
 26800 | Orc:1    | Reached ****** piety under Trog
 26898 | Elf:1    | Entered Level 1 of the Elven Halls
 27595 | Elf:1    | Found a runed translucent door.
 27598 | Elf:1    | Noticed kalagan's ghost (journeyman DECj)
 27673 | Elf:1    | Received a gift from Trog
 29408 | Elf:1    | Found the +27 heavy crossbow "Sniper" {heavy, Acc+∞ SInv}
 29653 | Elf:1    | Got Meuproxi's Incunable of United Energy
 31613 | Elf:2    | Paralysed by an orc sorcerer for 3 turns
 31927 | Elf:1    | Reached skill level 21 in Axes
 32656 | Elf:2    | Got the Grimoire of the Coals
 32671 | Elf:2    | Got the Spellbook of Ceraunoscopy
 32717 | Elf:2    | Got Oqiosoov's Writings on Tephra
 32727 | Elf:2    | Got the Parchment of the Wendigo
 32812 | Elf:2    | Found a runed translucent gate.
 32813 | Elf:2    | Found a runed translucent gate.
 32814 | Elf:2    | Found a runed translucent gate.
 32988 | Elf:2    | Noticed a deep elf blademaster
 32990 | Elf:2    | HP: 4/139 [deep elf blademaster/+0 rapier (13)]
 32992 | Elf:2    | Slain by a deep elf blademaster

Illustrated notes

Levels and vault maps discovered:
D:1:      dpeg_arrival_yet_another_circle, layout_loops_corners,
          solitary_fountain, minmay_tetromino_o4
D:2:      layout_loops_ring, serial_shops, nicolae_shop_waterfront,
          corexii_item_surrounded_by_moat
D:3:      layout_rooms, lemuel_tele_altar
D:4:      layout_rooms, cheibrodos_worm_habitat,
          chequers_temple_overflow_minitemple, mainiacjoe_overflow_brackets,
          mainiacjoe_overflow_24_doors, lightli_temple_of_fire, temple_green,
          chequers_serial_rivers_micro_c
D:5:      layout_cave_pods, uniq_pikel, uniq_edmund
D:6:      layout_gridville, yredelemnul_altar_generic,
          nicolae_ru_the_path_less_chosen, serial_shops, shop, serial_undead,
          serial_undead_e, serial_undead_c, serial_undead_f, serial_undead_b,
          serial_undead_e, serial_undead_a, serial_undead_f,
          hangedman_decor_opposing
D:7:      layout_gridville, grunt_temple_overflow_forces_of_nature,
          grunt_temple_overflow_open, minmay_misc_feat_roman, minmay_holes,
          kennysheep_generic_room_8, uniq_crazy_yiuf_cottage
D:8:      layout_loops_corners, serial_shops, shop, uniq_maurice, uniq_maggie
D:9:      layout_basic, nzn_hepliaklqana_mist_gate, uniq_prince_ribbit1
D:10:     layout_basic, minmay_orc_entry_temple_small
D:11:     layout_cave_pools, lair_entry_dummy, evilmike_minifort
D:12:     layout_cave_pods, gauntlet_entry_generic
D:13:     layout_cave_pods, david_vaults_3
D:14:     layout_loops_cross, uniq_frances
D:15:     gammafunk_depths_entry_grave, layout_cave_pools, nicolae_benzene_ring,
          amethyst_killhole
Lair:1:   layout_cave_pods, cheibrodos_lair_reptile_den, lemuel_fruit_fields
Lair:2:   layout_cave_shapes, palyth_hydra_swamp_entry
Lair:3:   layout_concentric_octagons, spider_nest_entry_a
Lair:4:   layout_small_grid, nzn_ghost_randoct, st_stairs_12, pond,
          grunt_megastairs_2
Lair:5:   grunt_lair_end_beastmaster, layout_regular_city, slime_entry_1,
          uniq_nessos
Orc:1:    layout_diamond_mine, uniq_erica, uniq_snorg
Orc:2:    grunt_orc_gardens, layout_diamond_mine, grunt_orc_garden,
          grunt_orc_garden, grunt_orc_garden, grunt_orc_garden
Elf:1:    eino_elf_arrival_sip, layout_loops_cross,
          ebering_ghost_reflecting_pool, minmay_elf_sorcery, david_greed
Elf:2:    nicolae_elf_blades_splatter_lattice
          [nicolae_blade_entry_diamond_columns], layout_rooms, special_room
          [special_room_orc], st_stairs_1, dreamdust_deal_with_the_devil,
          dreamdust_wishing_well, nicolae_elf_elemental_lessons, uniq_jorgrun

Skill      XL: |  1  2  3  4  5  6  7  8  9 10 11 12 13 14 15 16 |
---------------+-------------------------------------------------+-----
Fighting       | 4 5 6 8 10 11 13 15 16 18 19 | 19.4
Shields        | 4 5 6 7 |  7.3
Armour         | 4 5 6 7 8 9 11 13 15 16 18 19 | 19.0
Axes           | 3 4 7 9 11 13 15 16 18 20 21 | 21.1
Dodging        | 1 2 3 4 5 6 |  6.5
Stealth        | 1 2 3 4 |  4.4
Evocations     | 1 |  1.2
Long Blades    | 6 |  6.6
Throwing       | |  0.3

Action                     |  1- 3 |  4- 6 |  7- 9 | 10-12 | 13-15 | 16-18 || total
---------------------------+-------+-------+-------+-------+-------+-------++-------
  Melee: War axe           |   103 |   104 |   167 |   365 |    18 |       ||   757
         Headbutt          |    11 |    11 |    32 |    88 |   219 |    74 ||   435
         Broad axe         |       |       |       |       |   710 |   313 ||  1023
         Demon blade       |       |       |       |       |   148 |       ||   148
  Throw: Dart              |       |       |       |       |     4 |       ||     4
  Evoke: Wand              |       |       |       |       |     8 |       ||     8
    Use: Scroll            |    10 |     6 |     8 |     6 |    13 |     6 ||    49
         Potion            |       |     2 |       |     2 |    14 |       ||    18
   Stab: Invisible         |       |       |       |       |     7 |     7 ||    14
         Petrified         |       |       |       |       |     3 |       ||     3
         Petrifying        |       |       |       |       |     1 |       ||     1
 Armour: Scale mail        |    47 |       |       |       |       |       ||    47
         Chain mail        |    20 |    66 |    96 |    64 |       |       ||   246
         Skin              |       |    27 |       |       |    43 |       ||    70
         Plate armour      |       |       |       |   289 |   558 |   113 ||   960
  Dodge: Dodged            |    55 |    59 |    76 |   223 |   454 |   188 ||  1055
  Block: Buckler           |    33 |    23 |    32 |     3 |       |       ||    91
         Orb               |       |       |       |       |       |    39 ||    39
         Reflection        |       |       |       |       |       |     4 ||     4
